 Dungeon Crawl Stone Soup version 0.23.1 (webtiles) character file.

Game seed: 8907148442280078902

1820 Gunterle the Covered (level 9, 0/66 HPs)
             Began as a Formicid Wanderer on Mar 4, 2019.
             Was an Initiate of the Shining One.
             Slain by an orc
             ... wielding a +0 whip of electrocution
              (14 damage)
             ... on level 7 of the Dungeon.
             The game lasted 00:37:33 (7225 turns).

Gunterle the Covered (Formicid Wanderer)            Turns: 7225, Time: 00:37:34

Health: 0/66       AC: 13    Str: 20    XL:     9   Next: 32%
Magic:  10/15      EV: 10    Int: 14    God:    the Shining One [......]
Gold:   270        SH:  0    Dex:  8    Spells: 2/17 levels left

rFire    . . .     SeeInvis +   n - +2 short sword (venom)
rCold    . . .     Gourm    .   (no shield)
rNeg     + . .     Faith    .   c - +0 ring mail
rPois    +         Spirit   .   (helmet unavailable)
rElec    .         Reflect  .   E - +4 cloak "Jeres" {rPois}
rCorr    .         Harm     .   x - +0 pair of gloves
MR       .....                  (no boots)
Stlth    +.........             (no amulet)
HPRegen  0.21/turn              l - ring of positive energy
MPRegen  0.14/turn              K - ring of stealth

@: very slightly contaminated, glowing
A: permanent stasis, dig shafts and tunnels, four strong arms, antennae 3
a: Dig, Shaft Self, Renounce Religion


You were on level 7 of the Dungeon.
You worshipped the Shining One.
The Shining One was noncommittal.
You were not hungry.

You visited 2 branches of the dungeon, and saw 8 of its levels.

You collected 270 gold pieces.

Inventory:

Hand Weapons
 n - a +2 short sword of venom (weapon)
 u - a +0 spear
Missiles
 a - 160 stones
 e - 42 poisoned needles
 q - 53 sling bullets
 A - 55 bolts
 D - 8 javelins (quivered)
Armour
 c - a +0 ring mail (worn)
 v - a cursed -2 large shield
 x - a +0 pair of gloves (worn)
 E - the +4 cloak "Jeres" (worn) {rPois}
   (You found it on level 5 of the Dungeon)

   It protects you from poison.
Jewellery
 l - a ring of positive energy (left hand)
 z - an uncursed ring of poison resistance
 F - an uncursed ring of resist corrosion
 I - the amulet "Huif" {RegenMP rN+, unknown}
   (You found it on level 6 of the Dungeon)

   [amulet of magic regeneration]

   It increases your magic regeneration.
   It protects you from negative energy.
 K - a ring of stealth (right hand)
Scrolls
 d - 4 scrolls of remove curse
 h - 3 scrolls of magic mapping
 i - 3 scrolls of noise
 m - 2 scrolls of immolation {unknown}
 o - a scroll of amnesia
 p - a scroll of enchant armour {unknown}
 r - 3 scrolls of teleportation
 t - a scroll of enchant weapon
 y - a scroll of fog {unknown}
 J - a scroll of blinking {unknown}
Potions
 b - 2 potions of lignification
 g - 2 potions of haste
 j - 2 potions of magic
 k - 2 potions of degeneration
 s - a potion of ambrosia
 w - a potion of mutation
 B - a potion of brilliance {unknown}
 C - 2 potions of heal wounds
 G - a potion of might {unknown}
 H - a potion of curing
Comestibles
 f - 9 rations
 L - 6 chunks of flesh


   Skills:
 + Level 4.3 Fighting
 + Level 3.8 Short Blades
 * Level 6.9 Armour
 + Level 4.6 Spellcasting
 + Level 3.0 Conjurations
   Level 1.0 Translocations
 + Level 2.8 Air Magic
 + Level 6.1 Poison Magic
   Level 2.1 Evocations


You had 2 spell levels left.
You knew the following spells:

 Your Spells              Type           Power        Failure   Level  Hunger
a - Sting                 Conj/Pois      ###.         4%          1    None
b - Poisonous Vapours     Pois/Air       ###...       7%          2    ##.....
c - Mephitic Cloud        Conj/Pois/Air  ##......     16%         3    ###....
d - Olgreb's Toxic Radia  Pois           ###.....     22%         4    ####...
e - Venom Bolt            Conj/Pois      ###.......   75%         5    ######.

Your spell library contained the following spells:

 Spells                   Type           Power        Failure   Level  Hunger
 Magic Dart               Conj           ##..         9%          1    None
 Call Imp                 Summ           #.......     41%         2    ##.....
 Slow                     Hex            #.......     41%         2    ##.....
 Conjure Flame            Conj/Fire      #.......     41%         3    ###....
 Blink                    Tloc           Unusable     N/A         2    N/A

Dungeon Overview and Level Annotations

Branches:
Dungeon (7/15)             Temple (1/1) D:7

Altars:
Ashenzari
Cheibriados
Dithmenos
Elyvilon
Fedhas
Gozag
Hepliaklqana
Kikubaaqudgha
Makhleb
Nemelex Xobeh
Okawaru
Qazlal
Ru
Sif Muna
Trog
Uskayaw
Vehumet
Wu Jian
Xom
Yredelemnul
Zin
The Shining One

Annotations:
D:5 2 transporters, Veteran's ghost, amateur GrFi


Innate Abilities, Weirdness & Mutations

You cannot be hasted, slowed, berserked, paralysed or teleported.
You can dig through walls and to a lower floor.
Your four strong arms can wield two-handed weapons with a shield.
You have a pair of large antennae on your head. (SInv)


Message History

Things that are here:
a +0 hand axe; a +0 chain mail; an orc corpse You hit the orc.
You kill the orc!
The orc throws a steel tomahawk.
The steel tomahawk hits you but does no damage.
The orc hits you but does no damage.
You are electrocuted!!
Things that are here:
a +0 whip; an orc corpse You are too injured to fight recklessly!
You are too injured to fight recklessly!
You are too injured to fight recklessly!
You hit the orc.
The orc is poisoned.
The orc is moderately wounded.
The orc hits you but does no damage.
You are electrocuted!!
* * * LOW HITPOINT WARNING * * *
You closely miss the orc.
The orc is heavily wounded.
The orc hits you but does no damage.
You are electrocuted!
You die...

.## #.........# #.##.#.#.########
#.# #####.##### #...............#
.## #.# ######.########.# ## #.#
##+## #.# # #.# ##...## #.#
#.#### ##.....## #.# # #.##.##
##.......## #..
#########.....####.........####..
.....c{{.{.#...o@(.<.......†.....
#.########....####)........####..
#.# ###.## ##.......## ##. #{#
#.# ##.....## #. #{# #.# ##...##
##. {.# #.# ##+## ##.. ### #.#
#.# #... ##.##### ##.########..
#......####.......# ##.


You could see an orc.

Vanquished Creatures
  A hornet (D:7)
  An orc warrior (D:7)
  2 sky beasts
  An ogre (D:7)
  A centaur (D:7)
  3 bullfrogs
  2 scorpions
  6 killer bees
  3 crimson imps
  2 hounds (D:7)
  An orc priest (D:6)
  2 orc wizards
  5 worker ants
  3 hound skeletons (D:5)
  A howler monkey zombie (D:6)
  A worker ant zombie (D:7)
  3 gnolls
  7 adders
  A shadow imp (D:5)
  3 worms
  4 leopard geckos
  14 orcs
  7 bats
  5 giant cockroaches
  9 goblins
  9 hobgoblins
  9 jackals
  5 kobolds
  2 quokkas
  2 ball pythons
  5 frilled lizards
  A leopard gecko zombie (D:5)
  A quokka skeleton (D:7)
  A quokka zombie (D:2)
  5 rats
128 creatures vanquished.

Notes
Turn   | Place    | Note
-------+----------+-------------------------------------------
     0 | D:1      | Gunterle the Formicid Wanderer began the quest for the Orb.
     0 | D:1      | Gunterle set off with the following items: a potion of
                  | lignification, a +0 ring mail, a +0 club, a ration; and the
                  | following spell memorised: Sting; and the following spells
                  | available to memorise: Poisonous Vapours, Mephitic Cloud,
                  | Olgreb's Toxic Radiance, Venom Bolt
     0 | D:1      | Reached XP level 1. HP: 15/15 MP: 3/3
   256 | D:1      | Reached XP level 2. HP: 21/21 MP: 1/5
   670 | D:1      | Reached XP level 3. HP: 26/26 MP: 4/6
  1161 | D:2      | Reached skill level 1 in Short Blades
  1171 | D:2      | Reached XP level 4. HP: 33/33 MP: 1/8
  1738 | D:2      | Reached XP level 5. HP: 27/38 MP: 4/9
  1748 | D:2      | Learned a level 2 spell: Poisonous Vapours
  1752 | D:2      | Learned a level 3 spell: Mephitic Cloud
  2176 | D:2      | Reached XP level 6. HP: 34/44 MP: 10/10
  2877 | D:3      | Reached skill level 1 in Conjurations
  2878 | D:3      | HP: 1/46 [poisoned by a killer bee]
  3230 | D:3      | Reached skill level 1 in Air Magic
  3482 | D:3      | Found a hide-covered altar of Uskayaw.
  3482 | D:3      | Found a shadowy altar of Dithmenos.
  3483 | D:3      | Found a shimmering altar of Xom.
  3483 | D:3      | Found an opulent altar of Gozag.
  3502 | D:3      | Reached XP level 7. HP: 37/51 MP: 10/12
  4745 | D:5      | Entered Level 5 of the Dungeon
  5084 | D:5      | Identified the +10 great mace "Eptikh" {pain, MR+ Str+7
                  | Int+4 Dex-4}
  5085 | D:5      | Found a transporter.
  5093 | D:5      | Noticed Veteran's ghost (amateur GrFi)
  5136 | D:5      | Found a transporter.
  5154 | D:5      | Reached skill level 5 in Armour
  5177 | D:5      | Got a crude cloak
  5183 | D:5      | Identified the +4 cloak "Jeres" {rPois} (You found it on
                  | level 5 of the Dungeon)
  5559 | D:6      | Got a warped iron amulet
  5587 | D:6      | Reached XP level 8. HP: 48/58 MP: 8/13
  5613 | D:5      | Reached skill level 5 in Poison Magic
  6330 | D:7      | Found a staircase to the Ecumenical Temple.
  6339 | Temple   | Entered the Ecumenical Temple
  6364 | Temple   | Became a worshipper of the Shining One
  6636 | D:7      | Noticed a hornet
  6643 | D:7      | Killed a hornet
  6643 | D:7      | Reached XP level 9. HP: 52/65 MP: 11/15
  6651 | D:7      | Learned a level 4 spell: Olgreb's Toxic Radiance
  6657 | D:7      | Learned a level 5 spell: Venom Bolt
  7225 | D:7      | Slain by an orc

Skill      XL: |  1  2  3  4  5  6  7  8  9 |
---------------+----------------------------+-----
Poison Magic   | 3 4 5 6 |  6.1
Short Blades   | 1 2 3 |  3.8
Armour         | 3 4 5 6 |  6.9
Fighting       | 2 3 4 |  4.3
Spellcasting   | 3 4 |  4.6
Conjurations   | 1 2 3 |  3.0
Air Magic      | 1 2 |  2.8
Translocations | |  1.0
Evocations     | |  2.1

Action                   |  1- 3 |  4- 6 |  7- 9 || total
-------------------------+-------+-------+-------++-------
Melee: Club              |     8 |       |       ||     8
       Short sword       |    50 |   110 |   264 ||   424
Throw: Stone             |       |       |     5 ||     5
 Cast: Sting             |    43 |    39 |    61 ||   143
       Mephitic Cloud    |       |       |     1 ||     1
 Abil: Dig               |       |       |     3 ||     3
  Use: Scroll            |     7 |     2 |     4 ||    13
       Potion            |       |     5 |       ||     5
  Eat: Chunk             |     2 |     7 |    10 ||    19
       Ration            |       |       |     1 ||     1
Armor: Ring mail         |    27 |    48 |   115 ||   190
Dodge: Dodged            |    38 |    73 |   109 ||   220
